 Dungeon Crawl Stone Soup version 0.18.1-48-g4cf74bf (webtiles) character file.

161 Joat the Insei (level 5, -13/61 HPs)
             Began as a Draconian Transmuter on Aug 18, 2016.
             Killed by divine providence
             ... invoked by an orc priest
              (16 damage)
             ... on level 3 of the Dungeon.
             The game lasted 00:11:57 (4641 turns).

Joat the Insei (Draconian Transmuter)               Turns: 4641, Time: 00:11:57

Health: -13/61     AC: 22    Str: 17    XL:     5   Next: 19%
Magic:  8/8        EV:  2    Int: 14    God:
Gold:   106        SH:  0    Dex: 12    Spells: 2 memorised, 4 levels left

rFire  . . .     SeeInvis .       - Unarmed
rCold  . . .     Gourm    .     (armour unavailable)
rNeg   + + +     Faith    .     (no shield)
rPois  +         Spirit   .     (helmet currently unavailable)
rElec  .         Dismiss  .     (cloak currently unavailable)
rCorr  .         Reflect  .     (gloves currently unavailable)
SustAt .         Harm     .     (boots currently unavailable)
MR     .....     NoTele   +     (no amulet)
Stlth  +.........               (no ring)
                                (no ring)

@: mighty, tree-form, invisible, not resistant to hostile enchantments, very
unstealthy
A: unfitting armour, (cold-blooded), AC +5
a: no special abilities


You were on level 3 of the Dungeon.
You were not hungry.
You were a tree.
You visited 1 branch of the dungeon, and saw 3 of its levels.

You collected 106 gold pieces.

Inventory:

Missiles
 a - 71 arrows
Armour
 g - a +0 buckler
 q - a +0 cloak (melded)
Scrolls
 d - a scroll of teleportation {unknown}
 e - a scroll of fear {unknown}
 h - 2 scrolls of amnesia {unknown}
 j - 3 scrolls of identify {unknown}
 k - 2 scrolls of remove curse {unknown}
 l - 2 scrolls of immolation {unknown}
 p - a scroll of enchant armour {unknown}
Potions
 r - a potion of resistance {unknown}
 s - a potion of haste {unknown}
Books
 b - a book of Changes

   Spells                             Type                      Level
   a - Beastly Appendage              Transmutation                1
   b - Sticks to Snakes               Transmutation                2
   c - Spider Form                    Transmutation/Poison         3
   d - Ice Form                       Ice/Transmutation            4
   e - Blade Hands                    Transmutation                5
Comestibles
 c - a bread ration
 m - 3 chunks of flesh


   Skills:
 + Level 2.1 Fighting
 + Level 3.2 Dodging
 + Level 1.1 Shields
 * Level 4.0 Unarmed Combat
 - Level 2.0 Spellcasting
 - Level 2.0 Transmutations
 + Level 1.7 Poison Magic


You had 4 spell levels left.
You knew the following spells:

 Your Spells              Type           Power        Failure   Level  Hunger
a - Beastly Appendage     Trmt           #.....       12%         1    ##.....
b - Spider Form           Trmt/Pois      #.........   38%         3    ####...


Dungeon Overview and Level Annotations

Branches:
Dungeon (3/15)

Altars:
Makhleb


Innate Abilities, Weirdness & Mutations

((Your plain brown scales are hard (AC +5).))
Your body does not fit into most forms of armour.
((You are cold-blooded and may be slowed by cold attacks.))


Message History

The adder closely misses you.
Drink which item? (? for menu, Esc to quit)
Okay, then.
Drink which item? (? for menu, Esc to quit)
It was a potion of lignification.
Your horns disappear.
You turn into a tree.
Your +0 cloak melds into your body.
Your roots penetrate the ground.
The adder bites you but does no damage. x2
Drink which item? (? for menu, Esc to quit)
It was a potion of curing.
You feel better.
The orc priest mumbles some strange prayers to Beogh against you.
Beogh smites you!
* * * LOW HITPOINT WARNING * * *
The adder bites you but does no damage.
Drink which item? (? for menu, Esc to quit)
It was a potion of invisibility.
You fade into invisibility!
The orc priest calls down the wrath of Beogh upon you.
Beogh smites you!
You die...

...... ......
......###
......#..
........##
.........
#.o...o# #S#
#♣# #.# #)#
#.## #.# ....
#.###########
#..#
#.##........#
#..#####
#)##........#
#..#...#
#.##........#
###
.##..#...#
#.##.......)#
#<#
..#..#...#
#.##........#
#.#


You could see an orc priest and an adder.

Vanquished Creatures
  An orc priest (D:3)
  3 adders
  5 worms
  2 dart slugs
  12 orcs (D:3)
  A ball python (D:2)
  10 bats
  A giant cockroach (D:1)
  2 goblins (D:1)
  9 hobgoblins
  8 jackals
  6 kobolds
  2 quokkas (D:3)
  4 giant newts
  8 rats
74 creatures vanquished.

Notes
Turn   | Place    | Note
--------------------------------------------------------------
     0 | D:1      | Joat the Draconian Transmuter began the quest for the Orb.
     0 | D:1      | Reached XP level 1. HP: 16/16 MP: 3/3
   470 | D:1      | Reached XP level 2. HP: 19/23 MP: 5/5
  1935 | D:2      | Reached XP level 3. HP: 28/28 MP: 6/6
  1940 | D:2      | Learned a level 3 spell: Spider Form
  2766 | D:2      | Found a burning altar of Makhleb.
  2769 | D:2      | Noticed an Executioner
  2773 | D:2      | Noticed a smoke demon
  2773 | D:2      | Noticed a ynoxinul
  3262 | D:2      | Reached skill level 1 in Poison Magic
  3325 | D:2      | Reached XP level 4. HP: 28/36 MP: 7/7
  3576 | D:3      | Found a faded altar to an unknown god.
  4404 | D:3      | Reached skill level 1 in Shields
  4404 | D:3      | Reached skill level 4 in Unarmed Combat
  4404 | D:3      | Reached XP level 5. HP: 17/41 MP: 8/8
  4640 | D:3      | HP: 3/61 [orc priest/divine providence (9)]
  4641 | D:3      | Killed from afar by an orc priest

Skill      XL: |  1  2  3  4 |
---------------+-------------+-----
Dodging        | 2 3 |  3.2
Poison Magic   | 1 |  1.7
Fighting       | 2 |  2.1
Shields        | 1 |  1.1
Unarmed Combat | 4 |  4.0
Spellcasting   | |  2.0
Transmutations | |  2.0

Action                   |  1- 3 |  4- 6 || total
-------------------------+-------+-------++-------
Melee: Unarmed           |   183 |   139 ||   322
       Tailslap          |    13 |    15 ||    28
       Punch             |     1 |     1 ||     2
       Kick              |     3 |     9 ||    12
 Cast: Beastly Appendage |     3 |     3 ||     6
  Use: Potion            |       |     4 ||     4
  Eat: Chunk             |     8 |     4 ||    12
Armor: Skin              |    62 |    30 ||    92
Dodge: Dodged            |   114 |    73 ||   187
